 Dungeon Crawl Stone Soup version 0.31-a0-521-gc7390f8997 (webtiles) character file.

Game seed: 4277576579301239675

39 Shayle the Changeling (level 3, 0/36 HPs)
             Began as an Ogre Shapeshifter on Aug 10, 2023.
             Succumbed to a water moccasin's poison
             ... on level 3 of the Dungeon.
             The game lasted 00:02:24 (1995 turns).

Shayle the Changeling (Ogre Shapeshifter)           Turns: 1995, Time: 00:02:24

Health: 0/36       AC:  3    Str: 19    XL:     3   Next: 45%
Magic:  5/5        EV:  9    Int: 11    God:
Gold:   118        SH:  0    Dex:  9    Spells: 5/5 levels left

rFire   + .          .
                       - Unarmed
rCold   . . .        (no shield)
rNeg    . . .        a - +0 animal skin
rPois   .            (helmet currently unavailable)
rElec   .            (cloak currently unavailable)
rCorr   .            (gloves unavailable)
SInv    .            (boots unavailable)
Will    .....        (no amulet)
Stlth   +            i - ring of wizardry
HPRegen 0.26/turn    (no ring)
MPRegen 0.09/turn

%: wizardry (x1)
@: lethally poisoned (0 -> -17), beast-form
A: beast (slay +2), large, unfitting armour, tough skin 1, fire resistance 1,
robust 1
a: Begin Untransformation


You were on level 3 of the Dungeon.
You were a hulking beast.
You visited 1 branch of the dungeon, and saw 3 of its levels.

You collected 118 gold pieces.

Inventory:

Hand Weapons
 f - a +2 dagger of freezing
Armour
 a - a +0 animal skin (worn)
Jewellery
 i - a ring of wizardry (left hand)
 k - a ring of positive energy
Talismans
 c - a beast talisman (active)
 d - a flux talisman
Scrolls
 e - 2 scrolls of identify {unknown}
 g - a scroll of butterflies {unknown}
 h - a scroll of enchant armour {unknown}
Potions
 b - 2 potions of lignification


   Skills:
 - Level 1.3 Fighting
 - Level 1.7 Dodging
 + Level 3.2 Unarmed Combat
 + Level 1.6 Spellcasting
 + Level 3.3 Shapeshifting


You had 5 spell levels left.
You didn't know any spells.
Your spell library was empty.

Dungeon Overview and Level Annotations

Branches:
Dungeon (3/15)

Altars:

Shops:
D:1 (


Innate Abilities, Weirdness & Mutations

You are a hulking beast.
Your limbs bulge with bestial killing power. (Slay +2)
You are too large for most types of armour.
You have tough skin. (AC +1)
Your flesh is heat resistant. (rF+)
You are robust. (+10% HP)


Message History

You see here 5 stones.
Found a stone staircase leading down.
e - 2 scrolls labelled USEFFE RISABBUH (gained 1)
Found a stone staircase leading down.
A water moccasin comes into view.
Found a fizzy orange potion.
The water moccasin hisses angrily.
The water moccasin closely misses you. The water moccasin misses you.
You hit the water moccasin.
The water moccasin is moderately wounded.
The water moccasin closely misses you.
You closely miss the water moccasin.
The water moccasin is moderately wounded.
The water moccasin bites you.
You hit the water moccasin.
The water moccasin is moderately wounded.
The water moccasin bites you.
You are poisoned.
The water moccasin poisons you! The water moccasin bites you!
You hit the water moccasin but do no damage.
The water moccasin is moderately wounded.
You feel very sick. The water moccasin bites you.
You are lethally poisoned!
The water moccasin poisons you!
You closely miss the water moccasin.
The water moccasin is moderately wounded.
* * * LOW HITPOINT WARNING * * *
You feel very sick.
The water moccasin completely misses you.
You punch the water moccasin!
The water moccasin is severely wounded.
* * * LOW HITPOINT WARNING * * *
You feel very sick.
The water moccasin bites you but does no damage.
The water moccasin barely misses you.
Unknown command.
It was a potion of mutation.
You feel extremely strange.
You feel robust.
You feel resistant to heat.
You die...

#..........>#
#..######...#
#..# #.### #..#
#.# #..## #.#
## #...##
#.##.. #..#.##
#...
#.....###.##.##
#>.....hS..!...
#....####.#####
#.#.## # #.#.#
#.#.# #. ..


You could see a water moccasin.

Vanquished Creatures
  A worm (D:2)
  A ball python (D:1)
  3 endoplasms
  3 giant cockroaches
  4 goblins
  5 hobgoblins
  2 jackals (D:1)
  A quokka (D:1)
  2 frilled lizards
  6 kobolds
  2 rats
30 creatures vanquished.

Notes
Turn   | Place    | Note
-------+----------+-------------------------------------------
     0 | D:1      | Shayle the Ogre Shapeshifter began the quest for the Orb.
     0 | D:1      | Reached XP level 1. HP: 19/19 MP: 1/1
   249 | D:1      | Reached XP level 2. HP: 25/27 MP: 1/3
   265 | D:1      | Reached skill level 1 in Spellcasting
   294 | D:1      | Found Orool's Weapon Shoppe.
   879 | D:2      | Reached XP level 3. HP: 32/33 MP: 5/5
  1985 | D:3      | Noticed a water moccasin
  1995 | D:3      | Gained mutation: You are robust. (+10% HP) [potion of
                  | mutation]
  1995 | D:3      | Gained mutation: Your flesh is heat resistant. (rF+)
                  | [potion of mutation]
  1995 | D:3      | Succumbed to a water moccasin's poison

Illustrated notes

Levels and vault maps discovered:
D:1:      eino_arrival_druids_welcome, layout_basic, serial_shops, shop
D:2:      layout_basic
D:3:      layout_loops_ring, shapermc_ecumenical_altar_mp_urbaneastern,
          serial_shops, nicolae_shop_stone, chequers_serial_rivers_room_a,
          dk_noncrumbling_2, grunt_ministairs_3, minmay_misc_feat_alley,
          due_unseen_surprise

Skill      XL: |  1  2 |
---------------+-------+-----
Spellcasting   | 1 |  1.6
Unarmed Combat | 3 |  3.2
Fighting       | |  1.3
Dodging        | |  1.7
Shapeshifting  | |  3.3

Action                     || total
---------------------------++-------
  Melee: Unarmed           ||    91
         Punch             ||     2
    Use: Potion            ||     1
 Armour: Animal skin       ||    24
  Dodge: Dodged            ||    30

Table legend: (Time is in decaauts)
 A = Elapsed time spent in this place.
 B = Non-inter-level travel time spent in this place.
 C = Inter-level travel time spent in this place.
 D = Time resting spent in this place.
 E = Time spent auto-exploring this place.
 F = Levels seen in this place.
 G = Mean time per level.
                   A        B        C        D        E       F      G
               +--------+--------+--------+--------+--------+-----+--------+
         Total |   1989 |   1903 |     86 |      2 |   1631 |   3 |  663.0 |
       Dungeon |   1989 |   1903 |     86 |      2 |   1631 |   3 |  663.0 |
               +--------+--------+--------+--------+--------+-----+--------+

Top non-repeatable levels by time:
     D:2: 1197 daAuts
     D:1: 743 daAuts
     D:3: 49 daAuts
